 Dungeon Crawl Stone Soup version 0.30.2 (webtiles) character file.

Game seed: 11404523398137443373

92 Ashen the Chiller (level 4, -2/41 HPs)
             Began as an Ogre Ice Elementalist on Jan 19, 2024.
             Slain by a phantom (5 damage)
             ... on level 4 of the Dungeon.
             The game lasted 00:08:11 (2221 turns).

Ashen the Chiller (Ogre Ice Elementalist)           Turns: 2221, Time: 00:08:11

Health: -2/41      AC:  3    Str: 12    XL:     4   Next: 60%
Magic:  9/9        EV: 10    Int: 18    God:
Gold:   138        SH:  0    Dex:  9    Spells: 3/10 levels left

rFire   + . .        j - +4 dagger
rCold   . . .        (no shield)
rNeg    . . .        a - +0 robe
rPois   .            (helmet restricted)
rElec   .            (no cloak)
rCorr   .            (gloves unavailable)
SInv    +            (boots unavailable)
Will    .....        f - amulet of magic regeneration
Stlth   ++           p - ring of see invisible
HPRegen 0.26/turn    k - ring of protection from fire
MPRegen 0.51/turn

%: no passive effects
@: no status effects
A: large, unfitting armour, tough skin 1
a: no special abilities


You were on level 4 of the Dungeon.
You visited 1 branch of the dungeon, and saw 4 of its levels.

You collected 138 gold pieces.

Inventory:

Hand Weapons
 j - a +4 dagger (weapon)
 q - a +0 short sword of venom
Armour
 a - a +0 robe (worn)
Jewellery
 f - an amulet of magic regeneration (around neck)
 k - a ring of protection from fire (right hand)
 p - a ring of see invisible (left hand)
Scrolls
 d - a scroll of immolation {unknown}
 e - a scroll of enchant weapon {unknown}
 g - 2 scrolls of blinking {unknown}
 h - 2 scrolls of identify {unknown}
 m - a scroll of teleportation {unknown}
 o - a scroll of poison {unknown}
Potions
 b - a potion of magic
 c - a potion of haste {unknown}
 i - a potion of curing {unknown}
 l - a potion of heal wounds {unknown}
 n - a potion of might {unknown}


   Skills:
 + Level 1.5 Fighting
 + Level 2.2 Dodging
 + Level 1.9 Stealth
 * Level 3.5 Spellcasting
 * Level 4.1 Ice Magic


You had 3 spell levels left.
You knew the following spells:

 Your Spells              Type           Power      Damage    Failure   Level
a - Freeze                Ice            72%        1d8       2%          1
b - Frozen Ramparts       Ice            36%        1d6       9%          3
c - Ozocubu's Armour      Ice            18%        N/A       9%          3

Your spell library contained the following spells:

 Spells                   Type           Power      Damage    Failure   Level
 Poisonous Vapours        Pois/Air       6%         N/A       24%         2
 Mephitic Cloud           Conj/Pois/Air  3%         N/A       43%         3
 Summon Ice Beast         Ice/Summ       10%        N/A       54%         4
 Olgreb's Toxic Radiance  Pois           3%         N/A       83%         4
 Freezing Cloud           Conj/Ice/Air   4%         6-21      94%         5
 Discord                  Hex            1%         N/A       100%        8
 Ignition                 Fire           1%         3d3       100%        8


Dungeon Overview and Level Annotations

Branches:
Dungeon (4/15)
 Temple: D:4-7

Altars:
Fedhas
Ru
Trog

Shops:
D:2 (

Annotations:
D:1 1 transporter


Innate Abilities, Weirdness & Mutations

You are too large for most types of armour.
You have tough skin. (AC +1)


Message History

You closely miss the phantom.
The phantom is moderately damaged.
The phantom hits you but does no damage.
You hit the phantom.
The phantom is heavily damaged.
The phantom hits you.
You closely miss the phantom.
The phantom is heavily damaged.
The phantom hits you.
You closely miss the phantom.
The phantom is heavily damaged.
The phantom barely misses you.
You closely miss the phantom.
The phantom is heavily damaged.
The phantom hits you.
* * * LOW HITPOINT WARNING * * *
You barely miss the phantom.
The phantom is heavily damaged.
The phantom hits you.
* * * LOW HITPOINT WARNING * * *
The phantom blinks!
You blink.
Unknown command.
You closely miss the phantom.
The phantom is heavily damaged.
The phantom hits you.
* * * LOW HITPOINT WARNING * * *
The phantom blinks!
You blink.
A gnoll comes into view. It is wielding a +0 spear.
The phantom barely misses you. The phantom attacks as you move away!
The phantom hits you.
* * * LOW HITPOINT WARNING * * *
You hit the phantom but do no damage.
The phantom is heavily damaged.
The phantom hits you.
* * * LOW HITPOINT WARNING * * *
The phantom blinks!
You blink.
You hit the phantom.
The phantom is heavily damaged.
The phantom hits you.
You die...

######..§ .##
#.....W§. ..#
#.# ..### #.#
.... #.# ..#
#<#
#####..#####
#.#
#§§.........
#.#
##W###.#.####
#######§###@#
##..#
.$..........#
#..#
####.######.#
#..# ##. ...#
# .....
......#
.......#
#.....###
.....g.


You could see a phantom.

Vanquished Creatures
  3 adders
  A dart slug (D:3)
  6 orcs (D:3)
  6 bats
  5 endoplasms
  3 giant cockroaches
  3 goblins (D:1)
  6 hobgoblins
  2 quokkas (D:1)
  7 ball pythons
  2 frilled lizards
  4 kobolds
  4 rats
52 creatures vanquished.

Notes
Turn   | Place    | Note
-------+----------+-------------------------------------------
     0 | D:1      | Ashen the Ogre Ice Elementalist began the quest for the
                  | Orb.
     0 | D:1      | Reached XP level 1. HP: 16/16 MP: 3/3
   193 | D:1      | Reached XP level 2. HP: 21/26 MP: 2/5
   433 | D:1      | Reached skill level 1 in Fighting
   541 | D:1      | Reached XP level 3. HP: 29/33 MP: 4/7
   545 | D:1      | Learned a level 3 spell: Frozen Ramparts
   549 | D:1      | Learned a level 3 spell: Ozocubu's Armour
   896 | D:2      | Found Ograicol's Weapon Shoppe.
   896 | D:2      | Noticed a +0 quick blade
   898 | D:2      | Noticed a +0 bardiche
  1254 | D:2      | Reached skill level 4 in Ice Magic
  1279 | D:2      | Reached XP level 4. HP: 41/41 MP: 4/8
  1686 | D:3      | Found a faded altar of an unknown god.
  1739 | D:3      | Found a bloodstained altar of Trog.
  1868 | D:3      | Found a sacrificial altar of Ru.
  2000 | D:3      | Found a blossoming altar of Fedhas.
  2191 | D:4      | Noticed a phantom
  2221 | D:4      | Slain by a phantom

Illustrated notes

Levels and vault maps discovered:
D:1:      spicycebolla_arrival_transporter_tutorial, layout_basic,
          minmay_tromino_i4
D:2:      layout_loops_ring, serial_shops, nicolae_shop_mannequins,
          chequers_avenue, minivault_23
D:3:      layout_loops_ring, fedhas_altar_4, lemuel_tele_altar,
          nicolae_ru_awakened_eye, hellmonk_ecumenical_altar_slurped_away
D:4:      layout_loops_ring, nicolae_dithmenos_the_darkroom, serial_undead,
          serial_undead_c, serial_undead_e, serial_undead_a, serial_undead_a,
          serial_undead_f, serial_undead_e, uniq_edmund

Skill      XL: |  1  2  3 |
---------------+----------+-----
Fighting       | 1 |  1.5
Dodging        | 2 |  2.2
Spellcasting   | 3 |  3.5
Ice Magic      | 4 |  4.1
Stealth        | |  1.9

Action                     |  1- 3 |  4- 6 || total
---------------------------+-------+-------++-------
  Melee: Unarmed           |    18 |       ||    18
         Punch             |     1 |       ||     1
         Dagger            |    10 |    36 ||    46
   Cast: Freeze            |    53 |    18 ||    71
   Stab: Sleeping          |     2 |     3 ||     5
 Armour: Robe              |    16 |    13 ||    29
  Dodge: Dodged            |    31 |    20 ||    51
